 Dungeon Crawl Stone Soup version 0.28-a0-1493-g08698888e4 (webtiles) character file.

Game seed: 17210009186941629357

43 dolemite99 the Stinger (level 3, 0/25 HPs)
             Began as a Gnoll Venom Mage on Jan 13, 2022.
             Was an Initiate of Yredelemnul.
             Succumbed to an adder's poison
             ... on level 2 of the Dungeon.
             The game lasted 00:02:52 (1827 turns).

dolemite99 the Stinger (Gnoll Venom Mage)           Turns: 1827, Time: 00:02:53

Health: 0/25       AC:  2    Str:  7    XL:     3   Next: 58%
Magic:  7/9        EV: 13    Int: 16    God:    Yredelemnul [......]
Gold:   11         SH:  0    Dex: 12    Spells: 11/12 levels left

rFire   . . .      SeeInvis .   f - +0 dagger (venom)
rCold   . . .      Faith    .   (no shield)
rNeg    . . .      Spirit   .   a - +0 robe
rPois   .          Reflect  .   (no helmet)
rElec   .          Harm     .   (no cloak)
rCorr   .          Rampage  .   (no gloves)
Will    .....                   (no boots)
Stlth   ++........              (no amulet)
HPRegen 0.08/turn               (no ring)
MPRegen 0.11/turn               (no ring)

@: lethally poisoned (0 -> -4)
A: fangs 1, strong nose, distributed training
a: Renounce Religion, Recall Undead Harvest


You were on level 2 of the Dungeon.
You worshipped Yredelemnul.
Yredelemnul was noncommittal.
You visited 1 branch of the dungeon, and saw 2 of its levels.

You collected 11 gold pieces.

Inventory:

Hand Weapons
 b - a +0 short sword
 f - a +0 dagger of venom (weapon)
 h - a +0 short sword of speed
Missiles
 e - 11 sling bullets
Armour
 a - a +0 robe (worn)
Jewellery
 j - a ring of flight
Scrolls
 c - a scroll of immolation {unknown}
 d - a scroll of teleportation {unknown}
 g - a scroll of blinking {unknown}
 i - a scroll of identify {unknown}


   Skills:
 + Level 0.8 Fighting
 + Level 0.8 Short Blades
 + Level 0.8 Long Blades
 + Level 0.8 Axes
 + Level 0.8 Maces & Flails
 + Level 0.8 Polearms
 + Level 0.8 Staves
 + Level 0.8 Slings
 + Level 0.8 Bows
 + Level 0.8 Crossbows
 + Level 0.8 Throwing
 + Level 0.8 Armour
 + Level 4.5 Dodging
 + Level 4.1 Stealth
 + Level 0.8 Shields
 + Level 0.8 Unarmed Combat
 + Level 5.0 Spellcasting
 + Level 0.5 Conjurations
 + Level 0.5 Hexes
 + Level 0.5 Summonings
 + Level 0.5 Necromancy
 + Level 0.5 Translocations
 + Level 2.1 Transmutations
 + Level 0.5 Fire Magic
 + Level 0.5 Ice Magic
 + Level 0.5 Air Magic
 + Level 0.5 Earth Magic
 + Level 5.4 Poison Magic
 + Level 1.0 Invocations
 + Level 0.8 Evocations


You had 11 spell levels left.
You knew the following spells:

 Your Spells              Type           Power      Damage    Failure   Level
a - Sting                 Tmut/Pois      64%        1d6       3%          1

Your spell library contained the following spells:

 Spells                   Type           Power      Damage    Failure   Level
 Poisonous Vapours        Pois/Air       26%        N/A       7%          2
 Olgreb's Toxic Radiance  Pois           21%        N/A       16%         4
 Mephitic Cloud           Conj/Pois/Air  11%        N/A       19%         3


Dungeon Overview and Level Annotations

Branches:
Dungeon (2/15)

Altars:
Yredelemnul


Innate Abilities, Weirdness & Mutations

You have very sharp teeth.
Your uncanny sense of smell can sniff out nearby items.
Your experience applies equally to all skills.


Message History

You are more poisoned.
The adder poisons you!
Your goblin zombie completely misses the adder.
You miss the adder.
You feel very sick. The adder misses you.
You hit the adder but do no damage.
You feel sick. The adder misses you.
Your goblin zombie completely misses the adder.
Casting: Sting (safe; 3% risk of failure)
Confirm with . or Enter, or press ? or * to list all spells.
Aiming: Sting (safe; 3% risk of failure)
Press: ? - help, Shift-Dir - straight line, f - adder
Aim: an adder (ally target, 57% to hit)
The sting hits the adder.
The adder is poisoned.
The adder is lightly wounded.
You feel sick. The adder bites you.
* * * LOW HITPOINT WARNING * * *
Your goblin zombie barely misses the adder.
The adder bites you.
* * * LOW HITPOINT WARNING * * *
You are too injured to fight recklessly!
It was a potion of cancellation.
You feel magically purged.
* * * LOW HITPOINT WARNING * * *
You feel sick. The adder misses you.
Your goblin zombie barely misses the adder.
Casting: Sting (safe; 3% risk of failure)
Confirm with . or Enter, or press ? or * to list all spells.
Aiming: Sting (safe; 3% risk of failure)
Press: ? - help, Shift-Dir - straight line, f/p - adder
Aim: an adder (moderately wounded, poisoned, ally target, 57% to hit)
The sting hits the adder.
The adder looks even sicker.
The adder is severely wounded.
* * * LOW HITPOINT WARNING * * *
You feel sick. The adder barely misses you.
Your goblin zombie closely misses the adder.
Unknown command.
You closely miss the adder.
The adder is severely wounded.
You die...
Your body rises from the dead as a mindless zombie.

#......####.##...##.###.###..<
#.#..#.# #.........# #.# ##.#
#.#..#.# ####)..#### #.# #.#
#.#....# ##.........# #.#
#.#..#.# #..######## #.
#.#.##.# #.... .. #.#.##.#
#+#### #. #......# ##...# #.
#.....## ##@...# #.###>##
##ZS...# #.# #..####......#
(.# #.....'......#
##......####......# ###.#.##
##....... #.### ##....### #
##...# #+##


You could see an adder (very poisoned, ally target) and a friendly goblin
zombie.

Vanquished Creatures
  5 ball pythons (D:1)
  An endoplasm (D:1)
  5 giant cockroaches (D:1)
  2 goblins
  A hobgoblin (D:1)
  4 kobolds (D:1)
  A quokka (D:1)
  2 bats (D:1)
  2 frilled lizards (D:1)
  3 rats (D:1)
26 creatures vanquished.

Vanquished Creatures (collateral kills)
  A gnoll (D:1)
  An endoplasm (D:1)
  A goblin (D:1)
  2 kobolds (D:1)
  2 rats (D:1)
7 creatures vanquished.

Vanquished Creatures (others)
  A bat zombie (D:1)
  2 ball python zombies (D:1)
  3 demonic plants (D:1)
  3 fungi (D:1)
  2 plants (D:1)
  3 withered plants (D:1)
14 creatures vanquished.

Grand Total: 47 creatures vanquished

Notes
Turn   | Place    | Note
-------+----------+-------------------------------------------
     0 | D:1      | dolemite99 the Gnoll Venom Mage began the quest for the
                  | Orb.
     0 | D:1      | Reached XP level 1. HP: 13/13 MP: 6/6
   361 | D:1      | Reached XP level 2. HP: 7/19 MP: 3/7
  1130 | D:1      | Found a faded altar of an unknown god.
  1145 | D:1      | Prayed at the altar of an unknown god.
  1145 | D:1      | Became a worshipper of Yredelemnul the Dark
  1145 | D:1      | Reached * piety under Yredelemnul
  1357 | D:1      | Reached XP level 3. HP: 24/25 MP: 6/9
  1379 | D:1      | Reached skill level 5 in Spellcasting
  1507 | D:1      | Reached skill level 1 in Invocations
  1826 | D:2      | HP: 1/25 [poisoned by an adder]
  1827 | D:2      | Succumbed to an adder's poison

Illustrated notes

Levels and vault maps discovered:
D:1:      sevenhm_arrival_forest_fort_small_4, layout_basic,
          shapermc_ecumenical_altar_gd, kennysheep_flooded_box,
          minmay_worlds_worst_comb
D:2:      layout_loops_corners, serial_park_tiny_2, minmay_misc_feat_ornament

Skill      XL: |  1  2  3 |
---------------+----------+-----
Transmutations | 2 |  2.1
Spellcasting   | 5 |  5.0
Invocations    | 1 |  1.0
Fighting       | |  0.8
Short Blades   | |  0.8
Long Blades    | |  0.8
Axes           | |  0.8
Maces & Flails | |  0.8
Polearms       | |  0.8
Staves         | |  0.8
Slings         | |  0.8
Bows           | |  0.8
Crossbows      | |  0.8
Throwing       | |  0.8
Armour         | |  0.8
Dodging        | |  4.5
Stealth        | |  4.1
Shields        | |  0.8
Unarmed Combat | |  0.8
Conjurations   | |  0.5
Hexes          | |  0.5
Summonings     | |  0.5
Necromancy     | |  0.5
Translocations | |  0.5
Fire Magic     | |  0.5
Ice Magic      | |  0.5
Air Magic      | |  0.5
Earth Magic    | |  0.5
Poison Magic   | |  5.4
Evocations     | |  0.8

Action                   || total
-------------------------++-------
Melee: Short sword       ||     2
       Unarmed           ||     1
       Dagger            ||    25
       Bite              ||     1
 Cast: Sting             ||    35
  Use: Scroll            ||     1
       Potion            ||     1
 Stab: Sleeping          ||     1
Armor: Robe              ||     3
Dodge: Dodged            ||    25

Table legend: (Time is in decaauts)
 A = Elapsed time spent in this place.
 B = Non-inter-level travel time spent in this place.
 C = Inter-level travel time spent in this place.
 D = Time resting spent in this place.
 E = Time spent auto-exploring this place.
 F = Levels seen in this place.
 G = Mean time per level.
                   A        B        C        D        E       F      G
               +--------+--------+--------+--------+--------+-----+--------+
         Total |   1838 |   1814 |     24 |    764 |    763 |   2 |  919.0 |
       Dungeon |   1838 |   1814 |     24 |    764 |    763 |   2 |  919.0 |
               +--------+--------+--------+--------+--------+-----+--------+

Top non-repeatable levels by time:
     D:1: 1755 daAuts
     D:2: 82 daAuts
